 Dungeon Crawl Stone Soup version 0.30.1-11-g7821555f0a (webtiles) character file.

Game seed: 8729393279365503801

3 Draeca the Grasshopper (level 1, 0/12 HPs)
             Began as a Deep Elf Warper on Dec 2, 2023.
             Killed from afar by a dart slug (1 damage)
             ... with a slug dart
             ... on level 1 of the Dungeon.
             The game lasted 00:05:41 (151 turns).

Draeca the Grasshopper (Deep Elf Warper)             Turns: 151, Time: 00:05:42

Health: 0/12       AC:  3    Str:  8    XL:     1   Next: 41%
Magic:  6/6        EV: 12    Int: 17    God:
Gold:   19         SH:  0    Dex: 14    Spells: 6/6 levels left

rFire   . . .        a - +0 short sword
rCold   . . .        (no shield)
rNeg    . . .        b - +0 leather armour
rPois   .            (no helmet)
rElec   .            (no cloak)
rCorr   .            (no gloves)
SInv    .            (no boots)
Will    .....        (no amulet)
Stlth   +            (no ring)
HPRegen 0.22/turn    (no ring)
MPRegen 0.10/turn

%: no passive effects
@: no status effects
A: no striking features
a: no special abilities


You were on level 1 of the Dungeon.
You visited 1 branch of the dungeon, and saw 1 of its levels.

You collected 19 gold pieces.

Inventory:

Hand Weapons
 a - a +0 short sword (weapon)
Missiles
 d - 7 boomerangs of dispersal (quivered)
Armour
 b - a +0 leather armour (worn)
Scrolls
 e - a scroll of torment {unknown}
 g - a scroll of amnesia {unknown}
Potions
 f - a potion of curing {unknown}
 h - a potion of magic {unknown}


   Skills:
 + Level 1.6 Fighting
 * Level 2.0 Short Blades
 - Level 1.0 Throwing
 + Level 0.8 Armour
 * Level 2.5 Dodging
 + Level 3.0 Spellcasting
 + Level 3.3 Translocations
 + Level 0.0 Air Magic


You had 6 spell levels left.
You didn't know any spells.
Your spell library contained the following spells:

 Spells                   Type           Power      Damage    Failure   Level
 Blink                    Tloc           26%        N/A       10%         2
 Lesser Beckoning         Tloc           26%        N/A       10%         2
 Teleport Other           Tloc           13%        N/A       19%         3
 Vhi's Electric Charge    Tloc/Air       16%        N/A       36%         3
 Manifold Assault         Tloc           13%        N/A       54%         4


Dungeon Overview and Level Annotations

Branches:
Dungeon (1/15)

Altars:


Message History

The ball python is severely wounded.
The ball python barely misses you. The ball python constricts you.
You hit the ball python.
You kill the ball python!
You now have 19 gold pieces (gained 4).
There is a stone staircase leading down here.
Found a yellow potion.
Found a scroll labelled IGEJUKUOMI.
There is a stone staircase leading down here.
f - a yellow potion
There is a stone staircase leading down here.
g - a scroll labelled IGEJUKUOMI
Found a murky silvery potion.
A ball python comes into view.
You see here a murky silvery potion.
You see here a murky silvery potion.
The ball python hisses angrily.
You barely miss the ball python.
The ball python bites you but does no damage.
The ball python closely misses you.
You hit the ball python. You punch the ball python.
You kill the ball python!
A dart slug comes into view.
You see here a murky silvery potion.
h - a murky silvery potion The dart slug launches a dart at you.
The slug dart hits you.
Ouch! That really hurt!
You hit the dart slug.
The dart slug is lightly wounded.
The dart slug launches a dart at you. The slug dart hits you.
Ouch! That really hurt!
* * * LOW HITPOINT WARNING * * *
Blink to where?
Press: ? - help, Dir - move target
As you read the scroll of blinking, it crumbles to dust.
The dart slug launches a dart at you. The slug dart hits you.
You die...

##.~#≈≈≈≈≈#≈#
#..~≈~≈≈~~~~#
#.....##....# #....#
#..###
#########....###.##
................>#
##########.......##.#
#.w§.....#.#####.##.#
#†######@#.# #.##.#
...# #.#.# #.##.#
#.#### #.#.# #.##.# #
#.#.# #.##.# #.#.#
#.##.# #.#.# #.##.#
#...# #.##.###..
##### #.#.......
#..###..


You could see a dart slug.

Vanquished Creatures
  An endoplasm (D:1)
  3 ball pythons (D:1)
4 creatures vanquished.

Notes
Turn   | Place    | Note
-------+----------+-------------------------------------------
     0 | D:1      | Draeca the Deep Elf Warper began the quest for the Orb.
     0 | D:1      | Reached XP level 1. HP: 12/12 MP: 6/6
   151 | D:1      | Killed from afar by a dart slug

Illustrated notes

Levels and vault maps discovered:
D:1:      enne_arrival_octagon_isle, layout_basic, serial_shops, shop,
          minmay_crystal_water

Action                     || total
---------------------------++-------
  Melee: Short sword       ||    14
         Punch             ||     2
    Use: Scroll            ||     1
 Armour: Leather armour    ||     1
  Dodge: Dodged            ||    12
